 Dungeon Crawl Stone Soup version bcrawl-1.28.4 (webtiles) character file.

Game seed: 7966207327427278812

95783 Mehrunes the Grave Robber (level 3, -1/19 HPs)
             Began as a Skeleton Necromancer on Jan 17, 2021.
             Slain by a hound (3 damage)
             ... on level 2 of the Dungeon.
             The game lasted 00:04:51 (2360 turns).

Mehrunes the Grave Robber (Skeleton Necromancer)    Turns: 2360, Time: 00:04:51

Health: -1/19      AC:  5    Str: 15      XL:     3   Next: 91%
Magic:  0/8        EV: 11    Int: 13      God:
Gold:   150        SH:  0    Dex:  7 (9)  Spells: 5/10 levels left

rFire    . . .     SeeInvis .   a - +1 dagger
rCold    + . .     Gourm    .   (no shield)
rNeg     + + +     Faith    .   e - +0 ring mail
rPois    ∞         Spirit   +   (no helmet)
rElec    .         Reflect  .   (no cloak)
rCorr    .         Harm     .   (no gloves)
MR       .....                  (no boots)
Stlth    +.........             (no amulet)
HPRegen  0.06/turn              (no ring)
MPRegen  0.11/turn              (no ring)

@: very slightly contaminated
A: no food or potions, cold resistance 1, deterioration 1, negative energy
resistance 3, torment resistance, unbreathing, magic shield, sturdy frame 1,
spell healing
a: no special abilities


You were on level 2 of the Dungeon.
You were not hungry.

You visited 1 branch of the dungeon, and saw 3 of its levels.

You collected 150 gold pieces.

Inventory:

Hand Weapons
 a - a +1 dagger (weapon)
Armour
 b - a +0 robe
 c - a +0 leather armour
 e - a +0 ring mail (worn)
Jewellery
 f - an uncursed amulet of the gourmand {unknown}
Wands
 g - a wand of digging (10)
Scrolls
 d - 2 scrolls of remove curse {unknown}
 h - a scroll of fog {unknown}
 i - a scroll of enchant weapon {unknown}
 j - a scroll of teleportation {unknown}


   Skills:
 - Level 2.0 Dodging
 - Level 2.4 Stealth
 + Level 4.1 Spellcasting
 * Level 5.6 Necromancy


You had 5 spell levels left.
You knew the following spells:

 Your Spells              Type           Power        Failure   Level  Hunger
a - Animate Skeleton      Necr           N/A          2%          1    N/A
b - Pain                  Necr           ###...       2%          1    N/A
c - Vampiric Draining     Necr           ###.......   9%          3    N/A

Your spell library contained the following spells:

 Spells                   Type           Power        Failure   Level  Hunger
 Agony                    Necr           ###.....     28%         4    N/A
 Animate Dead             Necr           N/A          28%         4    N/A
 Dispel Undead            Necr           ###.....     61%         5    N/A

Dungeon Overview and Level Annotations

Branches:
Dungeon (3/12)

Altars:
Fedhas

Annotations:
D:2 exclusion: ogre


Innate Abilities, Weirdness & Mutations

You do not eat or drink.
You are immune to poison.
Your flesh is cold resistant. (rC+)
Your body sometimes deteriorates upon taking damage.
You are immune to negative energy. (rN+++)
You are immune to unholy pain and torment.
You can survive without breathing.
When hurt, damage is shared between your health and your magic reserves.
Your movements are slightly less encumbered by armour. (ER -2)
Casting spells heals you.


Message History

Aim: a goblin, wielding a +0 club (chance to defeat MR: 87%)
The goblin writhes in agony.
The goblin hits you but does no damage.
You hit the goblin but do no damage.
The goblin is severely wounded.
The goblin hits you with a +0 club.
You hit the goblin.
You kill the goblin!
The hound bites you.
* * * LOW HITPOINT WARNING * * *
You hit the hound but do no damage. The hound bites you.
* * * LOW HITPOINT WARNING * * *
Your body deteriorates!
You feel clumsy.
You hit the hound.
The hound is lightly wounded.
The hound closely misses you. The hound bites you.
* * * LOW HITPOINT WARNING * * *
You hit the hound but do no damage.
The hound is lightly wounded.
The hound bites you.
You die...

#########
.......g##
#######!.#
########.#####
.............#####
...............h@#
########....§.####
........§§§§§.#
#########.§§§§#
..........§§§.#
#.######......#
#..<.....#§...#
###.######....#
#.............#


You could see a hound.

Vanquished Creatures
  2 adder zombies (D:2)
  2 adder skeletons (D:2)
  2 worms (D:2)
  3 dart slugs
  A bat zombie (D:2)
  A giant cockroach (D:1)
  5 goblins
  4 hobgoblins
  2 quokkas (D:2)
  5 bats
  A frilled lizard (D:1)
  A jackal zombie (D:2)
  5 kobolds
  A quokka zombie (D:2)
  4 rats
39 creatures vanquished.

Notes
Turn   | Place    | Note
-------+----------+-------------------------------------------
     0 | D:1      | Mehrunes the Skeleton Necromancer began the quest for the
                  | Orb.
     0 | D:1      | Reached XP level 1. HP: 10/10 MP: 4/4
   328 | D:1      | Reached XP level 2. HP: 15/15 MP: 0/6
   651 | D:1      | Reached skill level 5 in Necromancy
  1360 | D:2      | Reached XP level 3. HP: 17/19 MP: 5/8
  1544 | D:2      | Found a blossoming altar of Fedhas.
  1892 | D:2      | Learned a level 3 spell: Vampiric Draining
  2160 | D:2      | Noticed an ogre
  2360 | D:2      | Slain by a hound

Skill      XL: |  1  2  3 |
---------------+----------+-----
Necromancy     | 5 |  5.6
Spellcasting   | 4 |  4.1
Dodging        | |  2.0
Stealth        | |  2.4

Action                   || total
-------------------------++-------
Melee: Dagger            ||    68
 Cast: Pain              ||    86
       Animate Skeleton  ||     1
Armor: Ring mail         ||    47
Dodge: Dodged            ||    71
